TOP OF THE 1ST |
Detroit X-Wings batting - Pitching for Trenton Stars : LHP Joseph Byrne
|
Pitching: LHP Joseph Byrne
|
|
Batting: SHB Jason Mason
|
0-0: Ball 1-0: Ball 2-0: Ground out 6-3 (Groundball, 6)
|
Batting: RHB Jesús Gonzáles
|
0-0: Ball 1-0: Ball 2-0: Fly out, F7 (Flyball, 7S)
|
Batting: RHB Griswold Coleman
|
0-0: Fly out, F7 (Flyball, 78D)
|
Top of the 1st over - 0 runs, 0 hits, 0 errors, 0 left on base; Detroit 0 - Trenton 0 |
BOTTOM OF THE 1ST |
Trenton Stars batting - Pitching for Detroit X-Wings : RHP Jorge Madrigal
|
Pitching: RHP Jorge Madrigal
|
|
Batting: RHB Aurelio Cruz
|
0-0: Foul Ball, location: 2F 0-1: Ball 1-1: Swinging Strike 1-2: Foul Ball, location: 2F 1-2: Foul Ball, location: 2F 1-2: Foul Ball, location: 2F 1-2: Strikes out swinging
|
Batting: RHB George Reeves
|
0-0: Foul Ball, location: 2F 0-1: SINGLE (Groundball, 2L) (infield hit)
|
Batting: LHB Tom Waller
|
0-0: Ball George Reeves is caught stealing 2nd base 1-0: Ball 2-0: Foul Ball, location: 2F 2-1: Called Strike 2-2: Ball 3-2: Reached on error, E5 (Popup, 6S)
|
Batting: RHB Denver Baker
|
0-0: Ball 1-0: Called Strike 1-1: Foul Ball, location: 2F 1-2: Ball 2-2: Strikes out swinging
|
Bottom of the 1st over - 0 runs, 1 hit, 1 error, 1 left on base; Detroit 0 - Trenton 0 |
TOP OF THE 2ND |
Detroit X-Wings batting - Pitching for Trenton Stars : LHP Joseph Byrne
|
Batting: RHB Enrique Aguilar
|
0-0: Called Strike 0-1: Swinging Strike 0-2: Strikes out swinging
|
Batting: SHB Felipe Detorres
|
0-0: Fly out, F9 (Flyball, 9LSF)
|
Batting: RHB José Pérez
|
0-0: Swinging Strike 0-1: Swinging Strike 0-2: Strikes out swinging
|
Top of the 2nd over - 0 runs, 0 hits, 0 errors, 0 left on base; Detroit 0 - Trenton 0 |
BOTTOM OF THE 2ND |
Trenton Stars batting - Pitching for Detroit X-Wings : RHP Jorge Madrigal
|
Batting: LHB Wes Thompson
|
0-0: Ball 1-0: Ball 2-0: Ball 3-0: Called Strike 3-1: Base on Balls
|
Batting: RHB Jorge Flores
|
0-0: Called Strike 0-1: Ball 1-1: Ground out 5-3 (Groundball, 5S) Wes Thompson to second
|
Batting: RHB Yaichiro Sugahara
|
0-0: Ball 1-0: Fly out, F9 (Flyball, 9S)
|
Batting: SHB Ismael Sánchez
|
0-0: Ground out 4-3 (Groundball, 4)
|
Bottom of the 2nd over - 0 runs, 0 hits, 0 errors, 1 left on base; Detroit 0 - Trenton 0 |
TOP OF THE 3RD |
Detroit X-Wings batting - Pitching for Trenton Stars : LHP Joseph Byrne
|
Batting: RHB Oliver Acevedo
|
0-0: Foul Ball, location: 2F 0-1: Ball 1-1: DOUBLE (Line Drive, 7D)
|
Batting: RHB Donato Gozende
|
0-0: Foul Ball, location: 2F 0-1: Ball 1-1: Called Strike 1-2: Ball 2-2: Foul Ball, location: 2F 2-2: Strikes out swinging
|
Batting: RHB Alfredo Villegas
|
0-0: Called Strike 0-1: Ball 1-1: Foul Ball, location: 2F 1-2: Ball 2-2: Foul Ball, location: 2F 2-2: Strikes out swinging
|
Batting: SHB Jason Mason
|
0-0: Called Strike 0-1: Foul Ball, location: 2F 0-2: Strikes out swinging
|
Top of the 3rd over - 0 runs, 1 hit, 0 errors, 1 left on base; Detroit 0 - Trenton 0 |
BOTTOM OF THE 3RD |
Trenton Stars batting - Pitching for Detroit X-Wings : RHP Jorge Madrigal
|
Batting: RHB Dan McKay
|
0-0: Ball 1-0: Ball 2-0: Called Strike 2-1: Fly out, F8 (Flyball, 8LD)
|
Batting: RHB Aurelio Cruz
|
0-0: Foul Ball, location: 2F 0-1: Foul Ball, location: 2F 0-2: Ball 1-2: Ball 2-2: Fly out, F9 (Flyball, 9S)
|
Batting: RHB George Reeves
|
0-0: Ball 1-0: Ground out 3-1 (Groundball, 34)
|
Bottom of the 3rd over - 0 runs, 0 hits, 0 errors, 0 left on base; Detroit 0 - Trenton 0 |
TOP OF THE 4TH |
Detroit X-Wings batting - Pitching for Trenton Stars : LHP Joseph Byrne
|
Batting: RHB Jesús Gonzáles
|
0-0: Ball 1-0: Called Strike 1-1: Ball 2-1: Ball 3-1: Fly out, F5 (Popup, 5SF)
|
Batting: RHB Griswold Coleman
|
0-0: Ball 1-0: SINGLE (Groundball, 34D)
|
Batting: RHB Enrique Aguilar
|
0-0: Ground out 4-3 (Groundball, 4S) Griswold Coleman to second
|
Batting: SHB Felipe Detorres
|
0-0: SINGLE (Groundball, 56D) Griswold Coleman to third Runner from 3rd tries for Home, SAFE, no throw
|
Batting: RHB José Pérez
|
0-0: Ball 1-0: Called Strike 1-1: Foul Ball, location: 2F 1-2: Strikes out swinging
|
Top of the 4th over - 1 run, 2 hits, 0 errors, 1 left on base; Detroit 1 - Trenton 0 |
BOTTOM OF THE 4TH |
Trenton Stars batting - Pitching for Detroit X-Wings : RHP Jorge Madrigal
|
Batting: LHB Tom Waller
|
0-0: Ball 1-0: Ground out 1-3 (Groundball, 13)
|
Batting: RHB Denver Baker
|
0-0: Called Strike 0-1: Called Strike 0-2: Strikes out swinging
|
Batting: LHB Wes Thompson
|
0-0: DOUBLE (Flyball, 78XD)
|
Batting: RHB Jorge Flores
|
0-0: Ball 1-0: Ball 2-0: Ball 3-0: Called Strike 3-1: Foul Ball, location: 2F 3-2: Foul Ball, location: 2F 3-2: Base on Balls
|
Batting: RHB Yaichiro Sugahara
|
0-0: Ball 1-0: Foul Ball, location: 2F 1-1: Called Strike 1-2: Fly out, F8 (Flyball, 8LM)
|
Bottom of the 4th over - 0 runs, 1 hit, 0 errors, 2 left on base; Detroit 1 - Trenton 0 |
TOP OF THE 5TH |
Detroit X-Wings batting - Pitching for Trenton Stars : LHP Joseph Byrne
|
Batting: RHB Oliver Acevedo
|
0-0: Ball 1-0: Swinging Strike 1-1: Swinging Strike 1-2: Ball 2-2: Strikes out swinging
|
Batting: RHB Donato Gozende
|
0-0: Ball 1-0: Called Strike 1-1: SOLO HOME RUN (Line Drive, 7LD), Distance : 370 ft
|
Batting: RHB Alfredo Villegas
|
0-0: Ball 1-0: Swinging Strike 1-1: Foul Ball, location: 2F 1-2: Ground out 5-3 (Groundball, 56)
|
Batting: SHB Jason Mason
|
0-0: Ball 1-0: Fly out, F9 (Flyball, 89S)
|
Top of the 5th over - 1 run, 1 hit, 0 errors, 0 left on base; Detroit 2 - Trenton 0 |
BOTTOM OF THE 5TH |
Trenton Stars batting - Pitching for Detroit X-Wings : RHP Jorge Madrigal
|
Batting: SHB Ismael Sánchez
|
0-0: Swinging Strike 0-1: Fly out, F6 (Popup, P)
|
Batting: RHB Dan McKay
|
0-0: Called Strike 0-1: Ground out 5-3 (Groundball, 56S)
|
Batting: RHB Aurelio Cruz
|
0-0: Ball 1-0: SINGLE (Line Drive, 9S)
|
Batting: RHB George Reeves
|
0-0: Ball 1-0: Called Strike 1-1: Called Strike 1-2: Ball 2-2: Fly out, F8 (Flyball, 8RM)
|
Bottom of the 5th over - 0 runs, 1 hit, 0 errors, 1 left on base; Detroit 2 - Trenton 0 |
TOP OF THE 6TH |
Detroit X-Wings batting - Pitching for Trenton Stars : LHP Joseph Byrne
|
Batting: RHB Jesús Gonzáles
|
0-0: Ball 1-0: Ball 2-0: Ground out 4-3 (Groundball, 4)
|
Batting: RHB Griswold Coleman
|
0-0: Called Strike 0-1: Ball 1-1: Ball 2-1: Swinging Strike 2-2: Fly out, F7 (Flyball, 7D)
|
Batting: RHB Enrique Aguilar
|
0-0: Called Strike 0-1: Swinging Strike 0-2: Ball 1-2: Ball 2-2: Fly out, F8 (Flyball, 8RM)
|
Top of the 6th over - 0 runs, 0 hits, 0 errors, 0 left on base; Detroit 2 - Trenton 0 |
BOTTOM OF THE 6TH |
Trenton Stars batting - Pitching for Detroit X-Wings : RHP Ralph Bascombe
|
Pitching: RHP Ralph Bascombe
|
|
Batting: LHB Tom Waller
|
0-0: Called Strike 0-1: Foul Ball, location: 2F 0-2: Strikes out swinging
|
Batting: RHB Denver Baker
|
0-0: Ball 1-0: Ball 2-0: Called Strike 2-1: Ball 3-1: Base on Balls
|
Batting: LHB Wes Thompson
|
0-0: Ball 1-0: Ball 2-0: Ball 3-0: Called Strike 3-1: Base on Balls Denver Baker to second
|
Batting: RHB Jorge Flores
|
0-0: Swinging Strike 0-1: Called Strike 0-2: Ball 1-2: DOUBLE (Flyball, 8LXD) Denver Baker scores Wes Thompson to third
|
Batting: RHB Yaichiro Sugahara
|
0-0: Ball 1-0: Ball 2-0: Called Strike 2-1: Called Strike 2-2: Ground out 4-3 (Groundball, 4)
|
Batting: SHB Ismael Sánchez
|
0-0: Ball 1-0: Ball Wild Pitch! Wes Thompson scores Jorge Flores to third 2-0: Fly out, F4 (Line Drive, 4)
|
Bottom of the 6th over - 2 runs, 1 hit, 0 errors, 1 left on base; Detroit 2 - Trenton 2 |
TOP OF THE 7TH |
Detroit X-Wings batting - Pitching for Trenton Stars : LHP Joseph Byrne
|
Batting: SHB Felipe Detorres
|
0-0: Called Strike 0-1: Foul Ball, location: 2F 0-2: Ball 1-2: Foul Ball, location: 2F 1-2: Ball 2-2: Foul Ball, location: 2F 2-2: Strikes out swinging
|
Batting: RHB José Pérez
|
0-0: Called Strike 0-1: Ball 1-1: Swinging Strike 1-2: Ball 2-2: Foul Ball, location: 2F 2-2: Ball 3-2: Foul Ball, location: 2F 3-2: Ground out 6-3 (Groundball, 56)
|
Batting: RHB Oliver Acevedo
|
0-0: Swinging Strike 0-1: Called Strike 0-2: SINGLE (Line Drive, 78S)
|
Batting: RHB Donato Gozende
|
0-0: Ball 1-0: Called Strike 1-1: Ball 2-1: Ball 3-1: Foul Ball, location: 2F 3-2: Strikes out looking
|
Top of the 7th over - 0 runs, 1 hit, 0 errors, 1 left on base; Detroit 2 - Trenton 2 |
BOTTOM OF THE 7TH |
Trenton Stars batting - Pitching for Detroit X-Wings : RHP Ralph Bascombe
|
Pinch Hitting: RHB Derek Ramsey
|
0-0: Ground out 6-3 (Groundball, 6MS)
|
Pinch Hitting: SHB António Enríquez
|
0-0: Called Strike 0-1: SINGLE (Flyball, 78S)
|
Batting: RHB George Reeves
|
0-0: Fielders Choice at 2nd, 6-4 (Groundball, 6)
|
Batting: LHB Tom Waller
|
0-0: Ball George Reeves steals 2nd base 1-0: Called Strike 1-1: Foul Ball, location: 2F 1-2: Foul Ball, location: 2F 1-2: Ball 2-2: Foul Ball, location: 2F 2-2: Ball 3-2: Foul Ball, location: 2F 3-2: Foul Ball, location: 2F 3-2: Base on Balls
|
Batting: RHB Denver Baker
|
0-0: Swinging Strike 0-1: Ball 1-1: Foul Ball, location: 2F 1-2: Fly out, F7 (Flyball, 78S)
|
Bottom of the 7th over - 0 runs, 1 hit, 0 errors, 2 left on base; Detroit 2 - Trenton 2 |
TOP OF THE 8TH |
Detroit X-Wings batting - Pitching for Trenton Stars : LHP Joseph Byrne
|
Pitching: RHP Fernando Silva
|
|
Now at 3B: Aaron Washington
|
|
Now in CF: Emílio Bruno
|
|
Pinch Hitting: LHB Curt Walker
|
0-0: Swinging Strike 0-1: Ball 1-1: Foul Ball, location: 2F 1-2: Ball 2-2: Foul Ball, location: 2F 2-2: Ball 3-2: Fly out, F9 (Flyball, 89M)
|
Batting: SHB Jason Mason
|
0-0: Ball 1-0: Foul Ball, location: 2F 1-1: Ball 2-1: Fly out, F7 (Flyball, 7LMF)
|
Batting: RHB Jesús Gonzáles
|
0-0: Foul Ball, location: 2F 0-1: Called Strike 0-2: Foul Ball, location: 2F 0-2: Fly out, F7 (Line Drive, 7)
|
Top of the 8th over - 0 runs, 0 hits, 0 errors, 0 left on base; Detroit 2 - Trenton 2 |
BOTTOM OF THE 8TH |
Trenton Stars batting - Pitching for Detroit X-Wings : RHP Ralph Bascombe
|
Now at 3B: Curt Walker
|
|
Batting: LHB Wes Thompson
|
0-0: Ball 1-0: Called Strike 1-1: Ball 2-1: Ball 3-1: Foul Ball, location: 2F 3-2: Base on Balls
|
Batting: RHB Jorge Flores
|
0-0: Swinging Strike
|
|
|
|
0-1: Ball 1-1: Foul Ball, location: 2F 1-2: Strikes out swinging
|
Pitching: LHP Mike O'Brien
|
|
Batting: RHB Yaichiro Sugahara
|
0-0: Ball 1-0: Ball 2-0: Swinging Strike 2-1: Ball 3-1: Base on Balls Wes Thompson to second
|
Batting: SHB Ismael Sánchez
|
0-0: Ball 1-0: Foul Ball, location: 2F 1-1: Ground out 5-3 (Groundball, 56S) Wes Thompson to third Yaichiro Sugahara to second
|
Batting: RHB Emílio Bruno
|
0-0: Foul Ball, location: 2F 0-1: Ball 1-1: Foul Ball, location: 2F 1-2: Strikes out swinging
|
Bottom of the 8th over - 0 runs, 0 hits, 0 errors, 2 left on base; Detroit 2 - Trenton 2 |
TOP OF THE 9TH |
Detroit X-Wings batting - Pitching for Trenton Stars : RHP Fernando Silva
|
Pitching: LHP Enrico Lozano
|
|
Batting: RHB Griswold Coleman
|
0-0: Foul Ball, location: 2F 0-1: Ground out 4-3 (Groundball, 4)
|
Batting: RHB Enrique Aguilar
|
0-0: Fly out, F9 (Flyball, 9LS)
|
Batting: SHB Felipe Detorres
|
0-0: Called Strike 0-1: Foul Ball, location: 2F 0-2: Ball 1-2: Ball 2-2: SINGLE (Groundball, 34D)
|
Batting: RHB José Pérez
|
0-0: Called Strike 0-1: Ball 1-1: Ball 2-1: Fly out, F7 (Flyball, 7S)
|
Top of the 9th over - 0 runs, 1 hit, 0 errors, 1 left on base; Detroit 2 - Trenton 2 |
BOTTOM OF THE 9TH |
Trenton Stars batting - Pitching for Detroit X-Wings : LHP Mike O'Brien
|
Batting: RHB Aaron Washington
|
0-0: Ball 1-0: Ball 2-0: Ball 3-0: Base on Balls
|
Batting: RHB George Reeves
|
0-0: Ball 1-0: Foul Ball, location: 2F 1-1: Ball 2-1: Sac Bunt - play at first, batter OUT! 1-4 Aaron Washington to second
|
Pinch Hitting: RHB Michael Skinner
|
0-0: Ball 1-0: Foul Ball, location: 2F 1-1: Ball 2-1: Swinging Strike 2-2: Foul Ball, location: 2F 2-2: Reached on error, E6 (Groundball, 6S) Aaron Washington to third
|
Batting: RHB Denver Baker
|
0-0: Foul Ball, location: 2F 0-1: Ball 1-1: Ball 2-1: Ball 3-1: Base on Balls Michael Skinner to second
|
Batting: LHB Wes Thompson
|
0-0: GRAND SLAM HOME RUN (Flyball, 9LD), Distance : 345 ft
|
Saturday, April 7th, 2018 - OOTP Baseball 18.8 Build 76
|
|